Map: Deathaura LE

Players

nanO

  • Race: Protoss Protoss
  • League: Master
  • Spawn Location: 11:00

eGGz - Winner!

  • Race: Zerg Zerg
  • League: Grandmaster
  • Spawn Location: 5:00

Event: DreamHack SC2 Masters 2020 Winter

VOD

Have the link to the VOD?

Description

Time

  • Played on: Oct. 18, 2020, 10:08 p.m.
  • Length: 10:57

All games in this series

Show
View Real Time Build Order
Export as new Build Order

nanO Protoss 

Build Orders: 1 Gate Expand, Oracle Opening, Carriers 

Get SALT Encoding   

  12  0:00  Probe  
  13  0:12  Probe  
  14  0:17  Pylon  
  14  0:24  Probe (Chrono Boost)  
  15  0:36  Probe (Chrono Boost)  
  15  0:38  Gateway  
  16  0:44  Probe (Chrono Boost)  
  16  0:47  Assimilator  
  17  0:50  Probe  
  18  1:03  Probe  
  19  1:15  Probe  
  20  1:23  Nexus  
  20  1:33  Cybernetics Core  
  20  1:36  Probe  
  21  1:42  Assimilator  
  21  1:48  Probe  
  21  1:51  Pylon  
  22  2:00  Probe  
  23  2:06  Adept (Chrono Boost)  
  23  2:12  Probe  
  26  2:20  Stargate  
  26  2:24  Probe (Chrono Boost)  
  27  2:30  Stalker  
  27  2:35  Probe (Chrono Boost)  
  30  2:38  Warp Gate  
  30  2:42  Probe (Chrono Boost)  
  31  2:44  Probe (Chrono Boost)  
  31  2:49  Probe x2 (Chrono Boost)  
  33  2:58  Void Ray (Chrono Boost)  
  33  3:00  Probe  
  33  3:01  Probe  
  35  3:12  Gateway, Probe  
  40  3:13  Probe  
  41  3:24  Probe  
  41  3:25  Probe  
  41  3:26  Pylon  
  43  3:31  Oracle (Chrono Boost)  
  46  3:44  Probe (Chrono Boost)  
  46  3:45  Probe (Chrono Boost)  
  48  3:51  Pylon  
  49  3:56  Probe (Chrono Boost)  
  49  3:57  Void Ray  
  49  4:02  Probe (Chrono Boost)  
  50  4:07  Assimilator, Pylon  
  50  4:08  Assimilator, Probe (Chrono Boost)  
  50  4:09  Probe  
  56  4:18  Pylon  
  56  4:20  Probe  
  56  4:22  Probe  
  58  4:26  Zealot  
  58  4:27  Zealot  
  62  4:32  Probe  
  63  4:40  Void Ray  
  63  4:44  Nexus  
  63  4:45  Probe x2  
  68  4:57  Probe  
  68  4:58  Zealot x2  
  73  5:03  Pylon  
  73  5:04  Probe  
  74  5:09  Probe  
  74  5:12  Fleet Beacon  
  75  5:14  Stargate  
  75  5:15  Protoss Air Weapons Level 1  
  75  5:16  Probe  
  75  5:21  Pylon, Probe  
  77  5:29  Probe  
  77  5:33  Probe  
  77  5:34  Zealot  
  77  5:35  Stalker  
  81  5:41  Probe  
  82  5:45  Probe  
  76  5:53  Probe  
  76  5:55  Pylon  
  77  5:57  Probe  
  80  6:05  Carrier (Chrono Boost), Probe  
  80  6:09  Probe  
  88  6:14  Carrier (Chrono Boost)  
  88  6:17  Probe  
  89  6:21  Probe  
  90  6:34  Zealot x2  
  90  6:37  Probe  
  92  6:46  Probe  
  89  6:47  Gateway  
  89  6:49  Probe x2  
  89  6:54  Carrier (Chrono Boost)  
  90  6:58  Probe  
  97  7:07  Carrier (Chrono Boost)  
  103  7:09  Nexus  
  103  7:10  Pylon  
  103  7:12  Pylon  
  103  7:24  Flux Vanes  
  103  7:28  Pylon  
  103  7:29  Twilight Council  
  103  7:31  Gateway  
  103  7:34  Gateway  
  103  7:37  Zealot  
  103  7:38  Probe  
  103  7:42  Gateway  
  106  7:45  Carrier (Chrono Boost)  
  112  7:57  Probe x2  
  116  8:09  Probe  
  117  8:12  Carrier (Chrono Boost)  
  114  8:22  Nexus  
  114  8:23  Pylon  
  114  8:26  Pylon, Zealot x2  
  118  8:30  Pylon  
  118  8:36  Pylon  
  118  8:45  Carrier (Chrono Boost)  
  124  8:54  Probe  
  124  9:00  Zealot x3  
  124  9:01  Zealot x2  
  134  9:05  Pylon  
  126  9:25  Zealot  
  126  9:26  Zealot x4  
  132  9:33  Probe, Void Ray (Chrono Boost)  
  131  9:46  Zealot x4  
  131  9:49  Void Ray (Chrono Boost)  
  139  9:58  Zealot  
  145  10:08  Zealot x3  
  151  10:19  Zealot x2  
  147  10:33  Probe  
  123  10:35  Zealot x2  
  123  10:36  Zealot  
  123  10:40  Probe  
Show
View Real Time Build Order
Export as new Build Order

eGGz Zerg - Winner!

Build Orders: Hatch First 

Get SALT Encoding   

  12  0:00  Drone  
  13  0:14  Overlord  
  13  0:18  Drone  
  14  0:33  Drone  
  15  0:36  Drone  
  16  0:49  Hatchery  
  15  0:52  Drone  
  15  0:56  Drone  
  17  0:59  Extractor  
  17  1:01  Drone  
  17  1:15  Spawning Pool  
  16  1:22  Drone  
  16  1:23  Drone  
  18  1:31  Drone  
  19  1:42  Drone  
  20  1:52  Overlord  
  20  2:02  Queen  
  20  2:03  Queen  
  20  2:04  Metabolic Boost  
  20  2:08  Zergling x2  
  25  2:12  Drone  
  25  2:14  Drone  
  27  2:17  Drone  
  28  2:26  Zergling x4  
  30  2:35  Drone  
  31  2:42  Drone, Hatchery  
  31  2:45  Drone  
  31  2:49  Evolution Chamber  
  31  2:51  Drone  
  31  2:57  Overlord  
  32  2:59  Drone  
  33  3:07  Drone  
  33  3:08  Drone  
  35  3:15  Queen  
  35  3:17  Zergling x6  
  39  3:21  Drone  
  39  3:23  Drone  
  42  3:27  Drone  
  42  3:29  Zerg Melee Weapons Level 1  
  42  3:37  Overlord  
  42  3:38  Drone  
  43  3:49  Overlord  
  43  3:51  Drone  
  43  3:53  Queen  
  43  3:54  Queen  
  48  3:56  Drone x2  
  50  4:04  Drone x2  
  50  4:05  Drone x3  
  55  4:11  Zergling x2  
  55  4:12  Baneling Nest  
  55  4:15  Zergling x2  
  55  4:20  Drone, Extractor  
  55  4:23  Spore Crawler x2  
  53  4:25  Zergling x2  
  53  4:26  Zergling x8  
  53  4:30  Drone x3  
  61  4:33  Drone  
  61  4:36  Drone x2  
  61  4:38  Drone  
  65  4:40  Overlord  
  63  4:46  Overlord  
  63  4:48  Drone x3  
  65  4:53  Overlord  
  65  4:58  Overlord  
  65  4:59  Baneling x2  
  65  5:00  Baneling x4  
  65  5:01  Zergling x2  
  65  5:04  Zergling x6  
  65  5:06  Zergling x2  
  65  5:07  Zergling x6  
  72  5:10  Zergling x4  
  75  5:15  Baneling x2  
  75  5:16  Zergling x6  
  78  5:25  Zergling x4  
  80  5:28  Lair  
  80  5:29  Drone x2  
  80  5:33  Drone x2  
  83  5:38  Zergling x16  
  87  5:43  Zergling x2  
  87  5:44  Zergling x2  
  82  5:50  Zergling x2  
  82  5:53  Drone x2  
  80  5:58  Drone  
  80  6:00  Extractor  
  80  6:01  Extractor x2  
  80  6:02  Extractor  
  80  6:03  Zergling x2  
  77  6:06  Baneling x6  
  77  6:08  Drone x7  
  77  6:09  Queen  
  86  6:16  Drone  
  86  6:17  Drone  
  88  6:19  Zergling x2  
  88  6:24  Hatchery  
  88  6:25  Zergling x2  
  88  6:38  Zergling x22  
  94  6:46  Zergling x6  
  93  6:53  Spire  
  89  6:58  Drone x3  
  89  7:00  Zergling x10  
  94  7:02  Drone  
  94  7:03  Drone x3  
  96  7:09  Drone  
  96  7:10  Overlord  
  96  7:11  Overlord  
  96  7:15  Hydralisk Den  
  96  7:18  Overlord  
  94  7:23  Spore Crawler, Overlord  
  94  7:24  Drone, Spore Crawler  
  93  7:35  Queen x2  
  93  7:36  Zergling x20  
  106  7:43  Spore Crawler  
  103  7:46  Hydralisk x3  
  103  7:47  Spore Crawler  
  97  8:05  Corruptor  
  97  8:06  Corruptor x6  
  106  8:18  Drone x10  
  109  8:24  Baneling x5  
  109  8:26  Zerg Flyer Armor Level 1  
  109  8:27  Corruptor  
  111  8:37  Spore Crawler  
  111  8:41  Hydralisk x4  
  110  8:43  Extractor  
  110  8:45  Extractor  
  115  8:51  Zergling x18  
  123  8:57  Drone x3  
  123  8:59  Corruptor x2  
  130  9:02  Corruptor  
  132  9:12  Corruptor x2  
  132  9:17  Corruptor x2  
  122  9:29  Corruptor  
  122  9:30  Corruptor  
  123  9:38  Zergling x28  
  123  9:43  Overlord  
  123  9:44  Overlord  
  133  10:02  Corruptor x3  
  133  10:04  Hatchery  
  136  10:07  Zergling x10  
  136  10:13  Hydralisk x3  
  141  10:16  Hydralisk  
  144  10:21  Zergling x10  
  144  10:33  Zergling x20  
Tags
 
Add a new tag
Caveats
  • Supply blocks, unpowered buildings, or Contaminate may cause inaccurate times.
  • Supply counts are checked every 10 seconds.